 Dungeon Crawl Stone Soup version 0.29-a0-330-g52719c12eb (webtiles) character file.

Game seed: 2063467406337484793

30 sammy202020 the Skirmisher (level 3, 0/33 HPs)
             Began as a Minotaur Berserker on Apr 12, 2022.
             Was a Follower of Trog.
             Slain by Terence
             ... wielding a +3 vampiric hand axe
              (7 damage)
             ... on level 2 of the Dungeon.
             The game lasted 00:01:21 (1367 turns).

sammy202020 the Skirmisher (Minotaur Berserker)     Turns: 1367, Time: 00:01:22

Health: 0/33       AC:  5    Str: 21    XL:     3   Next: 3%
Magic:  2/2        EV:  9    Int:  6    God:    Trog [*.....]
Gold:   70         SH:  6    Dex:  9    Spells: 2/2 levels left

rFire   . . .      SeeInvis .   a - +0 hand axe
rCold   . . .      Faith    .   m - +0 kite shield
rNeg    . . .      Spirit   .   h - +0 ring mail
rPois   .          Reflect  .   (helmet restricted)
rElec   .          Harm     .   (no cloak)
rCorr   .          Rampage  .   (no gloves)
Will    .....                   (no boots)
Stlth   ..........              (no amulet)
HPRegen 0.11/turn               (no ring)
MPRegen 0.08/turn               (no ring)

@: no status effects
A: horns 2, retaliatory headbutt
a: Renounce Religion, Berserk


You were on level 2 of the Dungeon.
You worshipped Trog.
Trog was aware of your devotion.
You visited 1 branch of the dungeon, and saw 2 of its levels.

You collected 70 gold pieces.

Inventory:

Hand Weapons
 a - a +0 hand axe (weapon)
Armour
 h - a +0 ring mail (worn)
 m - a +0 kite shield (worn)
Jewellery
 b - a +6 ring of intelligence
 c - a ring of ice
Scrolls
 d - a scroll of identify {unknown}
 f - 4 scrolls of teleportation {unknown}
 g - a scroll of enchant weapon {unknown}
 j - a scroll of enchant armour {unknown}
Potions
 e - a potion of mutation {unknown}
 i - a potion of curing {unknown}
 k - a potion of attraction {unknown}
 l - a potion of heal wounds {unknown}


   Skills:
 * Level 4.3 Fighting
 * Level 4.3 Axes
 + Level 2.9 Armour
 - Level 2.1 Dodging
 + Level 0.0 Shields


You had 2 spell levels left.
You didn't know any spells.
Your spell library was empty.

Dungeon Overview and Level Annotations

Branches:
Dungeon (2/15)

Altars:
Fedhas

Annotations:
D:2 Terence


Innate Abilities, Weirdness & Mutations

You have a pair of horns on your head.
You reflexively headbutt those who attack you in melee.


Message History

You finish putting on your +0 kite shield.
Done exploring.
Done exploring.
Done exploring.
There is a stone staircase leading down here.
You climb downwards.
There is a stone staircase leading up here.
Found a blossoming altar of Fedhas.
Terence and a ball python come into view.
Terence is wielding a +3 vampiric hand axe.
Terence shouts!
The ball python hisses angrily.
You block the ball python's attack. The ball python barely misses you.
You closely miss the ball python. You headbutt the ball python.
You kill the ball python!
Trog accepts your kill.
A rat comes into view.
You see here a ball python corpse.
You hit Terence.
Terence is moderately wounded.
Terence hits you with a +3 vampiric hand axe!
Terence draws strength from your wounds!
You barely miss Terence. Terence hits you but does no damage.
Terence barely misses you.
You hit Terence but do no damage. Terence closely misses you.
You closely miss Terence. You barely miss the rat.
The rat bites you but does no damage.
Terence says, "You're history."
Terence barely misses you.
You hit Terence but do no damage. You headbutt Terence, but do no damage.
You hit the rat. The rat bites you but does no damage.
Terence hits you with a +3 vampiric hand axe!
You hit the rat but do no damage. Your headbutt misses the rat.
The rat is moderately wounded.
You closely miss Terence.
Terence hits you with a +3 vampiric hand axe!
* * * LOW HITPOINT WARNING * * *
The rat completely misses you. The rat barely misses you.
You furiously retaliate!
You headbutt the rat.
Terence hits you with a +3 vampiric hand axe!
You die...

#............###.#.#.#.#.#.#
###########..<.............#
#..###...#.#.#.#.. #..#
#...........# #..#
#.#..###.##.# #..# #......
... #..# #..##### ##
#..###..... #..@@...#
#.#.r...# #..........
###.._...## #......#
#......# ###....# #####


You could see Terence and a rat.

Vanquished Creatures
  2 dart slugs
  A bat (D:1)
  An endoplasm (D:1)
  A giant cockroach (D:1)
  3 goblins
  3 hobgoblins (D:1)
  4 jackals (D:1)
  2 quokkas (D:1)
  2 ball pythons
  A frilled lizard (D:1)
  2 rats
22 creatures vanquished.

Notes
Turn   | Place    | Note
-------+----------+-------------------------------------------
     0 | D:1      | sammy202020 the Minotaur Berserker began the quest for the
                  | Orb.
     0 | D:1      | Reached XP level 1. HP: 19/19 MP: 0/0
   227 | D:1      | You fall into a shaft and drop 1 floor!
   289 | D:2      | Reached XP level 2. HP: 22/27 MP: 1/1
  1139 | D:1      | Reached XP level 3. HP: 33/33 MP: 2/2
  1358 | D:2      | Found a blossoming altar of Fedhas.
  1359 | D:2      | Noticed Terence
  1367 | D:2      | Slain by Terence

Illustrated notes

Levels and vault maps discovered:
D:1:      wander_arrival_abandoned_jail, layout_basic
D:2:      layout_loops_ring, serial_glass, glass_columns_a, glass_columns_c,
          glass_columns_c, glass_columns_b, glass_columns_c, glass_columns_a,
          glass_columns_a, glass_columns_c, glass_columns_c, glass_columns_a,
          basic_altar, kennysheep_cluttered_room, uniq_robin,
          uniq_crazy_yiuf_cottage, uniq_terence

Skill      XL: |  1  2 |
---------------+-------+-----
Fighting       | 4 |  4.3
Axes           | 4 |  4.3
Armour         | |  2.9
Dodging        | |  2.1

Action                   || total
-------------------------++-------
Melee: Hand axe          ||    57
       Headbutt          ||    12
Armor: Animal skin       ||     9
       Ring mail         ||    13
Dodge: Dodged            ||    46
Block: Kite shield       ||     1

Table legend: (Time is in decaauts)
 A = Elapsed time spent in this place.
 B = Non-inter-level travel time spent in this place.
 C = Inter-level travel time spent in this place.
 D = Time resting spent in this place.
 E = Time spent auto-exploring this place.
 F = Levels seen in this place.
 G = Mean time per level.
                   A        B        C        D        E       F      G
               +--------+--------+--------+--------+--------+-----+--------+
         Total |   1374 |   1301 |     73 |      0 |   1078 |   2 |  687.0 |
       Dungeon |   1374 |   1301 |     73 |      0 |   1078 |   2 |  687.0 |
               +--------+--------+--------+--------+--------+-----+--------+

Top non-repeatable levels by time:
     D:1: 1194 daAuts
     D:2: 180 daAuts
